 Dungeon Crawl Stone Soup version 0.30-a0-760-g5a9884bb7c (webtiles) character file.

Game seed: 4127178671216434885

324 Dirtsage the Carver (level 6, 0/44 HPs)
             Began as a Merfolk Gladiator on Feb 11, 2023.
             Slain by a gnoll bouda
             ... wielding a +0 whip
              (7 damage)
             ... on level 4 of the Dungeon.
             The game lasted 00:08:04 (3630 turns).

Dirtsage the Carver (Merfolk Gladiator)             Turns: 3630, Time: 00:08:04

Health: 0/44       AC:  5    Str: 14    XL:     6   Next: 48%
Magic:  6/6        EV: 12    Int:  8    God:
Gold:   137        SH:  0    Dex: 17    Spells: 5/5 levels left

rFire   . . .      SeeInvis .    a - +0 long sword
rCold   . . .      Faith    .    (no shield)
rNeg    . . .      Spirit   .    m - +0 ring mail
rPois   .          Reflect  .    (helmet restricted)
rElec   .          Harm     .    (no cloak)
rCorr   .          Rampage  .    (no gloves)
Will    .....                    (no boots)
Stlth   +                        (no amulet)
HPRegen 0.27/turn                (no ring)
MPRegen 0.10/turn                (no ring)

@: weakened
A: (nimble swimmer 2), mertail, antennae 1, evolution 1
a: no special abilities


You were on level 4 of the Dungeon.
You visited 2 branches of the dungeon, and saw 5 of its levels.

You collected 137 gold pieces.

Inventory:

Hand Weapons
 a - a +0 long sword (weapon)
Missiles
 d - 3 throwing nets (quivered)
 e - a javelin
Armour
 m - a +0 ring mail (worn)
 t - a +1 helmet
Jewellery
 h - a +6 ring of intelligence
Wands
 u - a wand of polymorph (9)
Scrolls
 b - a scroll of teleportation {unknown}
 f - 2 scrolls of butterflies {unknown}
 i - 2 scrolls of enchant armour {unknown}
 j - a scroll of identify {unknown}
 k - a scroll of immolation {unknown}
 l - a scroll of blinking {unknown}
 r - a scroll of vulnerability {unknown}
 s - a scroll of silence {unknown}
Potions
 c - 2 potions of cancellation {unknown}
 g - a potion of mutation
 n - a potion of lignification {unknown}
 o - a potion of magic {unknown}
 p - a potion of attraction {unknown}
 q - a potion of curing


   Skills:
 - Level 2.1 Fighting
 + Level 8.5 Long Blades
 - Level 2.0 Throwing
 - Level 4.0 Dodging


You had 5 spell levels left.
You didn't know any spells.
Your spell library contained the following spells:

 Spells                   Type           Power      Damage    Failure   Level
 Stone Arrow              Conj/Erth      0%         3d7       95%         3
 Animate Armour           Summ/Erth      0%         N/A       100%        4
 Summon Lightning Spire   Summ/Air       0%         N/A       100%        4
 Storm Form               Tmut/Air       0%         N/A       100%        7
 Lehudib's Crystal Spear  Conj/Erth      0%         10d2      100%        8
 Maxwell's Capacitive Co  Air            0%         ∞         100%        8


Dungeon Overview and Level Annotations

Branches:
Dungeon (4/15)             Temple (1/1) D:4

Altars:
Ashenzari
Cheibriados
Dithmenos
Elyvilon
Fedhas
Gozag
Hepliaklqana
Makhleb
Nemelex Xobeh
Qazlal
Sif Muna
Trog
Vehumet
Xom
Yredelemnul
Zin

Shops:
D:3 !


Innate Abilities, Weirdness & Mutations

((You are very nimble when in or above water. (Stealth+, EV+, Speed+++)))
Your lower body shifts to a powerful aquatic tail in water.
You have a pair of small antennae on your head.
You have hidden genetic potential.


Message History

The gnoll bouda is lightly wounded.
The gnoll bouda barely misses you. The gnoll hits you but does no damage.
You slash the gnoll bouda!
The gnoll bouda is severely wounded.
The gnoll bouda closely misses you.
The gnoll hits you from afar with a +0 spear.
You take 5 damage, and have 15/44 hp.
You barely miss the gnoll bouda.
The gnoll bouda is severely wounded.
The gnoll bouda gazes fiercely through you!
You feel as though you will be weak longer.
The gnoll bouda hits you but does no damage.
The gnoll closely misses you.
You barely miss the gnoll bouda.
The gnoll bouda is severely wounded.
The gnoll bouda hits you with a +0 whip.
* * * LOW HITPOINT WARNING * * *
The gnoll hits you from afar with a +0 spear.
* * * LOW HITPOINT WARNING * * *
A gnoll comes into view. It is wielding a +1 whip of flaming.
You take 5 damage, and have 10/44 hp.
You barely miss the gnoll bouda.
The gnoll bouda is severely wounded.
You barely miss the gnoll bouda.
The gnoll bouda is severely wounded.
The gnoll bouda barks out a call to the hunt!
The gnoll picks up the pace!
The gnoll closely misses you.
You closely miss the gnoll bouda.
The gnoll bouda is severely wounded.
The gnoll bouda hits you with a +0 whip.
* * * LOW HITPOINT WARNING * * *
The gnoll barely misses you.
You take 4 damage, and have 7/44 hp.
It was a potion of mutation.
You feel extremely strange. A pair of antennae grows on your head!
Your +1 helmet falls away!
You feel a hidden potential growing inside you.
The gnoll bouda hits you with a +0 whip!
You die...

#. #.# #. #.# '# #.# ..
#.# .#. #g #.# ....##.
#.# #.....########.#
#.##ggg@......# ##
#.###########.# .. #.#
#.# #. #.# #.# .# #. #.#
#.# .###.#####.# #.#
###........###########.#
#.#..................#
#.>..#################


You could see a gnoll bouda and 2 gnolls.

Vanquished Creatures
  An ice beast (D:4)
  2 iguanas
  Robin (D:2)
  A gnoll (D:4)
  5 adders
  A worm (D:4)
  6 orcs (D:4)
  11 endoplasms
  A giant cockroach (D:1)
  14 goblins
  7 hobgoblins
  7 jackals
  13 kobolds
  5 quokkas
  6 ball pythons
  9 bats
  4 frilled lizards
  7 rats
101 creatures vanquished.

Notes
Turn   | Place    | Note
-------+----------+-------------------------------------------
     0 | D:1      | Dirtsage the Merfolk Gladiator began the quest for the Orb.
     0 | D:1      | Reached XP level 1. HP: 16/16 MP: 1/1
    81 | D:1      | Reached skill level 4 in Long Blades
   127 | D:1      | Reached XP level 2. HP: 21/22 MP: 2/2
   458 | D:1      | Reached XP level 3. HP: 27/27 MP: 3/3
   567 | D:1      | Reached skill level 5 in Long Blades
  1033 | D:2      | Noticed Robin
  1042 | D:2      | Reached XP level 4. HP: 23/33 MP: 4/4
  1053 | D:2      | Reached skill level 6 in Long Blades
  1055 | D:2      | Killed Robin
  1570 | D:3      | Found Udecsips's Distillery.
  1765 | D:3      | Found a burning altar of Makhleb.
  1868 | D:3      | Reached XP level 5. HP: 14/38 MP: 5/5
  2227 | D:3      | Reached skill level 7 in Long Blades
  2516 | D:4      | Noticed an ice beast
  2549 | D:4      | Killed an ice beast
  2550 | D:4      | Reached skill level 8 in Long Blades
  2550 | D:4      | Reached XP level 6. HP: 12/44 MP: 6/6
  2871 | D:4      | Found a white marble altar of Elyvilon.
  2916 | D:4      | Found a staircase to the Ecumenical Temple.
  2949 | Temple   | Entered the Ecumenical Temple
  3630 | D:4      | Gained mutation: You have a pair of small antennae on your
                  | head. [potion of mutation]
  3630 | D:4      | Gained mutation: You have hidden genetic potential. [potion
                  | of mutation]
  3630 | D:4      | Slain by a gnoll bouda

Illustrated notes

Levels and vault maps discovered:
D:1:      beargit_arrival_greenhouse, layout_loops_ring, eino_curves_03,
          chequers_serial_rivers_micro_a
D:2:      layout_basic, grunt_ministairs_1, minmay_tree_intersection, uniq_robin
D:3:      layout_loops_corners, mainiacjoe_overflow_alcove_2, serial_shops,
          shop, minmay_liquid_box, minmay_crystal_room, st_stairs_9
D:4:      layout_loops_ring, lemuel_doored_altar,
          nicolae_elyvilon_peaceful_grove, minmay_temple_entry_butterflies,
          minmay_distorted
Temple:   eino_temple_water

Skill      XL: |  1  2  3  4  5 |
---------------+----------------+-----
Long Blades    | 4 5 6 8 |  8.5
Fighting       | |  2.1
Throwing       | |  2.0
Dodging        | |  4.0

Action                     |  1- 3 |  4- 6 || total
---------------------------+-------+-------++-------
  Melee: Long sword        |   118 |   195 ||   313
         Punch             |     1 |     1 ||     2
    Use: Potion            |       |     3 ||     3
   Stab: Sleeping          |     1 |     2 ||     3
 Armour: Leather armour    |    28 |    15 ||    43
         Ring mail         |       |    51 ||    51
  Dodge: Dodged            |    93 |   120 ||   213

Table legend: (Time is in decaauts)
 A = Elapsed time spent in this place.
 B = Non-inter-level travel time spent in this place.
 C = Inter-level travel time spent in this place.
 D = Time resting spent in this place.
 E = Time spent auto-exploring this place.
 F = Levels seen in this place.
 G = Mean time per level.
                   A        B        C        D        E       F      G
               +--------+--------+--------+--------+--------+-----+--------+
         Total |   3547 |   3373 |    174 |    233 |   2483 |   5 |  709.4 |
       Dungeon |   3383 |   3225 |    158 |    233 |   2346 |   4 |  845.8 |
        Temple |    163 |    147 |     16 |      0 |    137 |   1 |  163.0 |
               +--------+--------+--------+--------+--------+-----+--------+

Top non-repeatable levels by time:
     D:3: 992 daAuts
     D:1: 884 daAuts
     D:4: 844 daAuts
     D:2: 662 daAuts
  Temple: 163 daAuts
